 Dungeon Crawl Stone Soup version 0.22.1-2-g9c5b331383 (webtiles) character file.

88 Adamkad1 the Skirmisher (level 4, 0/40 HPs)
             Began as a Hill Orc Fighter on Dec 12, 2018.
             Slain by an orc
             ... wielding a +0 flail
              (7 damage)
             ... on level 3 of the Dungeon.
             The game lasted 00:05:31 (2319 turns).

Adamkad1 the Skirmisher (Hill Orc Fighter)          Turns: 2319, Time: 00:05:31

Health: 0/40       AC: 10    Str: 17 (19) XL:     4   Next: 54%
Magic:  4/4        EV:  4    Int:  7 (8)  God:
Gold:   99         SH:  9    Dex: 10      Spells: 3/3 levels left

rFire    . . .     SeeInvis +   a - +1 flail
rCold    . . .     Gourm    .   c - +0 shield
rNeg     + . .     Faith    .   n - +0 chain mail
rPois    .         Spirit   .   (no helmet)
rElec    .         Reflect  .   e - +0 cloak
rCorr    .         Harm     .   (no gloves)
MR       .....                  (no boots)
Stlth    ..........             (no amulet)
HPRegen  0.13/turn              r - ring of positive energy
MPRegen  0.09/turn              u - ring of see invisible

@: no status effects
A: no striking features
a: no special abilities


You were on level 3 of the Dungeon.
You were not hungry.

You visited 1 branch of the dungeon, and saw 3 of its levels.

You collected 99 gold pieces.

Inventory:

Hand Weapons
 a - a +1 flail (weapon)
 k - a +0 hunting sling
Missiles
 l - 11 poisoned needles
 t - 62 sling bullets
Armour
 b - a +0 scale mail
 c - a +0 shield (worn)
 e - a +0 cloak (worn)
 n - a +0 chain mail (worn)
Jewellery
 r - a ring of positive energy (left hand)
 u - a ring of see invisible (right hand)
Scrolls
 g - a scroll of noise
Potions
 d - a potion of might
 o - a potion of flight
 p - a potion of ambrosia
 q - a potion of curing
Comestibles
 f - 4 rations


   Skills:
 * Level 4.3 Fighting
 * Level 3.1 Maces & Flails
 + Level 0.8 Throwing
 * Level 4.0 Armour
 * Level 3.9 Shields


You had 3 spell levels left.
You didn't know any spells.
Your spell library was empty.

Dungeon Overview and Level Annotations

Branches:
Dungeon (3/15)

Altars:


Message History

You block the orc's attack. The orc hits you with a flail.
The orc wizard hits you but does no damage.
You block the giant cockroach's attack. You block the orc's attack.
You closely miss the orc wizard.
The orc wizard is almost dead.
The giant cockroach bites you but does no damage.
The orc hits you with a flail. The orc wizard barely misses you.
The giant cockroach bites you but does no damage.
The orc hits you with a flail.
* * * LOW HITPOINT WARNING * * *
You closely miss the orc wizard.
The orc wizard is almost dead.
You block the orc's attack. The orc wizard casts a spell at you.
The magic dart hits you!
* * * LOW HITPOINT WARNING * * *
The giant cockroach bites you but does no damage.
The orc wizard hits you but does no damage.
You block the orc's attack. The orc hits you with a flail!
You die...

..<..(.........##...........#.# #
..(............#......###'###.###
)..............#......'.#.# #....
...............'......#.#.# #####
.......รท.......#......#.#'#######
...............+......#..........
...............#......#.......)..
...............s......'<..)......
...............o@o....#..........
...............o......#..........
###########+###.......#..........
#.#'#'###.......... #.#.#.#
#.......... #.#.#.# #..........
#...#.# #.......... #####.#
#.......... #.# #..........


You could see an orc wizard, 2 orcs and a giant cockroach.

Vanquished Creatures
  Robin (D:2)
  2 adders
  2 oozes
  A worm (D:2)
  A leopard gecko (D:1)
  An orc (D:3)
  4 bats
  3 giant cockroaches
  14 goblins
  4 hobgoblins
  3 kobolds
  A ball python (D:3)
  3 frilled lizards
  4 rats
44 creatures vanquished.

Notes
Turn   | Place    | Note
-------+----------+-------------------------------------------
     0 | D:1      | Adamkad1 the Hill Orc Fighter began the quest for the Orb.
     0 | D:1      | Reached XP level 1. HP: 19/19 MP: 1/1
   331 | D:1      | Reached XP level 2. HP: 27/27 MP: 2/2
   698 | D:2      | Reached XP level 3. HP: 21/33 MP: 3/3
   972 | D:2      | Noticed Robin
  1127 | D:2      | Killed Robin
  1131 | D:2      | Reached XP level 4. HP: 39/40 MP: 4/4
  2319 | D:3      | Slain by an orc

Skill      XL: |  1  2  3  4 |
---------------+-------------+-----
Fighting       | 4 |  4.3
Maces & Flails | 3 |  3.1
Armour         | 4 |  4.0
Throwing       | |  0.8
Shields        | |  3.9

Action                   |  1- 3 |  4- 6 || total
-------------------------+-------+-------++-------
Melee: Flail             |   106 |    65 ||   171
  Use: Potion            |     3 |     3 ||     6
       Scroll            |       |     6 ||     6
  Eat: Chunk             |     1 |     4 ||     5
Armor: Scale mail        |    57 |    10 ||    67
       Chain mail        |       |    34 ||    34
       Skin              |       |     6 ||     6
Dodge: Dodged            |    36 |    14 ||    50
Block: Shield            |    56 |    44 ||   100
